 Dungeon Crawl Stone Soup version 0.27-a0-660-g90476cec82 (webtiles) character file.

Game seed: 14784383732163515536

637 theanonym the Slasher (level 7, -2/53 HPs)
             Began as a Demigod Gladiator on Mar 17, 2021.
             Slain by a mummy (12 damage)
             ... in an ossuary.
             The game lasted 00:06:31 (4967 turns).

theanonym the Slasher (Demigod Gladiator)           Turns: 4967, Time: 00:06:31

Health: -2/53      AC: 13    Str: 23    XL:     7   Next: 4%
Magic:  9/9        EV:  8    Int: 10    God:
Gold:   207        SH:  0    Dex: 15    Spells: 6/6 levels left

rFire    . . .     SeeInvis .   a - +0 long sword
rCold    . . .     Faith    .   (no shield)
rNeg     . . .     Spirit   .   m - +0 chain mail
rPois    .         Reflect  .   c - +0 helmet
rElec    .         Harm     .   p - +2 cloak
rCorr    .         Rampage  .   (no gloves)
Will     .....                  k - +0 pair of boots
Stlth    ..........             (no amulet)
HPRegen  0.17/turn              (no ring)
MPRegen  0.11/turn              (no ring)

@: invisible
A: high mp 1, forlorn
a: no special abilities


Innate Abilities, Weirdness & Mutations

Your attributes grow dramatically as you level up.
You have an increased reservoir of magic. (+10% MP)
You shall have no god before yourself.


   Skills:
 - Level 1.7 Fighting
 + Level 7.8 Long Blades
 - Level 1.7 Throwing
 - Level 2.6 Dodging


You had 6 spell levels left.
You didn't know any spells.
Your spell library was empty.

Skill      XL: |  1  2  3  4  5  6 |
---------------+-------------------+-----
Long Blades    | 3 4 5 6 7 |  7.8
Fighting       | |  1.7
Throwing       | |  1.7
Dodging        | |  2.6

Action                   |  1- 3 |  4- 6 |  7- 9 || total
-------------------------+-------+-------+-------++-------
Melee: Long sword        |    86 |   253 |    14 ||   353
  Use: Scroll            |     2 |     7 |     1 ||    10
       Potion            |     1 |     2 |     1 ||     4
 Stab: Distracted        |     1 |       |       ||     1
Armor: Leather armour    |    10 |       |       ||    10
       Ring mail         |    30 |     9 |       ||    39
       Skin              |     3 |    39 |       ||    42
       Chain mail        |       |   132 |     5 ||   137
Dodge: Dodged            |    57 |   111 |     3 ||   171
       Rpst.: Long sword |    16 |    32 |     1 ||    49

Inventory:

Hand Weapons
 a - a +0 long sword (weapon)
Missiles
 d - 3 throwing nets (quivered)
Armour
 c - a +0 helmet (worn)
 k - a +0 pair of boots (worn)
 m - a +0 chain mail (worn)
 p - a +2 cloak (worn)
Scrolls
 e - a scroll of fear {unknown}
 f - a scroll of enchant weapon
 i - a scroll of fog {unknown}
 l - 2 scrolls of immolation
 n - a scroll of blinking {unknown}
 r - 3 scrolls of identify
 t - 3 scrolls of teleportation
 y - 4 scrolls of magic mapping
Potions
 g - a potion of flight
 j - a potion of invisibility
 w - 2 potions of curing You were in an ossuary. You visited 1 branch of the dungeon, and saw 5 of its levels. You also visited: Ossuary. You collected 207 gold pieces.

Dungeon Overview and Level Annotations

Branches:
Dungeon (5/15)            Ossuary (1/1)
 Temple: D:4-7

Annotations:
D:3 1 runed translucent door, stringoo's ghost, amateur OpFi

###
#..######
##.....@#
#...∩.M.+
##......#
#..######
###


You could see a mummy.

Notes
Turn   | Place    | Note
-------+----------+-------------------------------------------
     0 | D:1      | theanonym the Demigod Gladiator began the quest for the
                  | Orb.
     0 | D:1      | Reached XP level 1. HP: 17/17 MP: 3/3
    42 | D:1      | Reached skill level 3 in Long Blades
   142 | D:1      | Reached XP level 2. HP: 24/24 MP: 4/4
   204 | D:1      | HP: 10/24 [gnoll/+0 spear (6)]
   982 | D:2      | Reached XP level 3. HP: 27/29 MP: 5/5
  1015 | D:2      | Reached skill level 4 in Long Blades
  1114 | D:2      | You fall into a shaft and drop 2 floors!
  1422 | D:4      | HP: 12/29 [gnoll (4)]
  1434 | D:4      | Reached XP level 4. HP: 24/36 MP: 6/6
  1435 | D:4      | HP: 24/54 [gnoll/+0 club (1)]
  1441 | D:4      | Reached skill level 5 in Long Blades
  1855 | D:4      | Reached XP level 5. HP: 33/41 MP: 7/7
  1862 | D:4      | HP: 20/41 [orc/+0 mace (2)]
  1879 | D:4      | HP: 9/41 [orc wizard/puff of flame (6)]
  2224 | D:4      | Reached skill level 6 in Long Blades
  3311 | D:3      | Found a runed translucent door.
  3312 | D:3      | Noticed stringoo's ghost (amateur OpFi)
  3361 | D:3      | HP: 20/41 [orc/+0 hand axe (1)]
  3371 | D:3      | HP: 13/61 [orc/+0 hand axe (4)]
  3376 | D:3      | HP: 14/61 [giant cockroach (1)]
  3382 | D:3      | Reached XP level 6. HP: 22/48 MP: 8/8
  4225 | D:4      | Reached skill level 7 in Long Blades
  4752 | D:4      | Reached XP level 7. HP: 53/53 MP: 9/9
  4885 | D:5      | Entered Level 5 of the Dungeon
  4940 | D:5      | Found a sand-covered staircase.
  4944 | Ossuary  | Entered an ossuary
  4963 | Ossuary  | HP: 21/53 [mummy (7)]
  4966 | Ossuary  | HP: 9/53 [mummy (5)]
  4967 | Ossuary  | Slain by a mummy

Vanquished Creatures
  3 scorpions (D:4)
  A bullfrog zombie (D:3)
  A centaur skeleton (D:4)
  An orc priest (D:4)
  An iguana (D:4)
  4 orc wizards
  2 mummies (Ossuary)
  10 adders
  5 gnolls
  An ooze (D:1)
  4 worms
  A dart slug (D:3)
  2 leopard geckos
  12 orcs
  4 giant cockroaches
  4 goblins
  4 hobgoblins
  12 kobolds
  3 quokkas
  3 ball pythons
  A ball python skeleton (D:4)
  10 bats
  6 frilled lizards
  10 rats
105 creatures vanquished.

Table legend: (Time is in decaauts)
 A = Elapsed time spent in this place.
 B = Non-inter-level travel time spent in this place.
 C = Inter-level travel time spent in this place.
 D = Time resting spent in this place.
 E = Time spent auto-exploring this place.
 F = Levels seen in this place.
 G = Mean time per level.
                   A        B        C        D        E       F      G
               +--------+--------+--------+--------+--------+-----+--------+
         Total |   5017 |   4773 |    244 |   1315 |   2695 |   6 |  836.2 |
       Dungeon |   4994 |   4750 |    244 |   1315 |   2695 |   5 |  998.8 |
       Ossuary |     23 |     23 |      0 |      0 |      0 |   1 |   23.0 |
               +--------+--------+--------+--------+--------+-----+--------+

Top non-repeatable levels by time:
     D:4: 2033 daAuts
     D:3: 1066 daAuts
     D:1: 969 daAuts
     D:2: 911 daAuts
 Ossuary: 23 daAuts
     D:5: 13 daAuts
